 Dungeon Crawl Stone Soup version 0.16-a0-2254-g943817a (console) character file.

7 Tedronai the Firebug (level 2, -1/19 HPs)
             Began as a Human Fire Elementalist on Nov 15, 2014.
             Slain by a jackal (2 damage)
             ... on level 1 of the Dungeon.
             The game lasted 00:02:23 (358 turns).

Tedronai the Firebug (Human Fire Elementalist)       Turns: 358, Time: 00:02:24

Health: -1/19      AC:  2    Str:  8    XL:     2   Next: 10%
Magic:  0/4        EV: 12    Int: 15    God:
Gold:   25         SH:  0    Dex: 13    Spells: 1 memorised, 4 levels left

rFire  . . .     SeeInvis .     (no weapon)
rCold  . . .     Clarity  .     a - +0 robe
rNeg   . . .     SustAb   .     (no shield)
rPois  .         Gourm    .     (no helmet)
rElec  .         Spirit   .     (no cloak)
rCorr  .         Warding  .     (no gloves)
rMut   .         Stasis   .     (no boots)
MR     .....                    (no amulet)
Stlth  ++........               (no ring)
                                (no ring)

@: not resistant to hostile enchantments, unstealthy
A: no striking features
a: no special abilities


You were on level 1 of the Dungeon.
You were not hungry.

You visited 1 branch of the dungeon, and saw 1 of its levels.

You collected 25 gold pieces.

Inventory:

Missiles
 e - 16 stones (quivered)
Armour
 a - a +0 robe (worn)
Potions
 d - a potion of magic {unknown}
Books
 b - a book of Flames

   Spells                             Type                      Level
   *Flame Tongue                      Conjuration/Fire             1
   Throw Flame                        Conjuration/Fire             2
   Conjure Flame                      Conjuration/Fire             3
   Inner Flame                        Hexes/Fire                   3
   Sticky Flame                       Conjuration/Fire             4
   Fireball                           Conjuration/Fire             5
Comestibles
 c - a bread ration
 f - 2 chunks of flesh


   Skills:
 + Level 2.2 Dodging
 - Level 2.0 Stealth
 - Level 2.0 Spellcasting
 * Level 1.4 Conjurations
 * Level 3.1 Fire Magic


You had 4 spell levels left.
You knew the following spells:

 Your Spells              Type           Power        Failure   Level  Hunger
a - Flame Tongue          Conj/Fire      #....        12%         1    #......


Dungeon Overview and Level Annotations

Branches:
Dungeon (1/15)

Altars:


Message History

You closely miss the jackal!
The jackal is almost dead!
The jackal bites you!
You barely miss the jackal!
The jackal is almost dead!
The jackal bites you!
You barely miss the jackal!
The jackal is almost dead!
The jackal bites you! x2 * * * don't die
* * * Unknown command!
You barely miss the jackal!
The jackal is almost dead!
The jackal bites you! * * * don't die
* * * Unknown command!
You pulverise the jackal but do no damage!
The jackal is almost dead!
The jackal bites you! rip

█.██....
██████.█....
█...!....█'█
█........█.█
█........█.█
█........█.█
█........█g█
█........█h█
████████████.█.█☹██
██.........█......█
██.........█......█
..........>◼......◼
.█.........█......█
.█.........◼......█
.█.........█......█


█████████ .█.........███'████ ██.......██ ...........█ █.█ ██.███████÷█ You
could see a jackal and a goblin.

Vault maps used:
D:1:      evilmike_arrival_rings

Notes
Turn   | Place    | Note
--------------------------------------------------------------
     0 | D:1      | Tedronai, the Human Fire Elementalist, began the quest for the Orb.
     0 | D:1      | Reached XP level 1. HP: 13/13 MP: 3/3
   329 | D:1      | Reached XP level 2. HP: 16/19 MP: 1/4
   358 | D:1      | Slain by a jackal

Table legend:
 A = Turns spent in this place as a percentage of turns spent in the entire game.
 B = Non-inter-level travel turns spent in this place as a percentage of non-inter-level travel turns spent in the entire game.
 C = Inter-level travel turns spent in this place as a percentage of turns spent in this place.
 D = Turns resting spent in this place as a percentage of non-inter-level travel turns spent in this place.
 E = Turns spent auto-exploring this place as a percentage of non-inter-level travel turns spent in this place.
 F = Non-inter-level travel turns spent in this place divided by the number of levels of this place that you've seen.
                   A       B       C       D       E      F
               +-------+-------+-------+-------+-------+----------------------
         Total | 100.0 | 100.0 |   0.0 |   8.1 |   7.3 | 123.0
       Dungeon | 100.0 | 100.0 |   0.0 |   8.1 |   7.3 | 123.0
               +-------+-------+-------+-------+-------+----------------------

Table legend:
 A = Kills in this place as a percentage of kills in entire the game.
 B = Kills by you in this place as a percentage of kills by you in the entire game.
 C = Kills by friends in this place as a percentage of kills by friends in the entire game.
 D = Other kills in this place as a percentage of other kills in the entire game.
 E = Experience gained in this place as a percentage of experience gained in the entire game.
 F = Experience gained in this place divided by the number of levels of this place that you have seen.
                   A       B       C       D       E      F
               +-------+-------+-------+-------+-------+----------------------
         Total | 100.0 | 100.0 |  -nan |  -nan | 100.0 |  11.0
       Dungeon | 100.0 | 100.0 |  -nan |  -nan | 100.0 |  11.0
               +-------+-------+-------+-------+-------+----------------------

Action                   || total
-------------------------++-------
Melee: Unarmed           ||    27
 Cast: Flame Tongue      ||    13

Vanquished Creatures
  3 bats (D:1)
  A goblin (D:1)
  2 jackals (D:1)
6 creatures vanquished.
